 Dungeon Crawl Stone Soup version 0.31-a0-675-g238779eb0a (webtiles) character file.

Game seed: 3213097691941241460

25 Xavori the Trooper (level 2, -2/24 HPs)
             Began as a Demonspawn Chaos Knight on Sept 5, 2023.
             Was a Plaything of Xom.
             Slain by a black bear (shapeshifter) (4 damage)
             ... on level 2 of the Dungeon.
             The game lasted 00:00:26 (2896 turns).

Xavori the Trooper (Demonspawn Chaos Knight)        Turns: 2896, Time: 00:00:26

Health: -2/24      AC:  5    Str: 12    XL:     2   Next: 86%
Magic:  2/2        EV: 11    Int: 13    God:    Xom [...*..]
Gold:   43         SH:  0    Dex: 12    Spells: 1/1 levels left

rFire   . . .        a - +0 falchion (chaos)
rCold   . . .        (no shield)
rNeg    . . .        b - +2 leather armour
rPois   .            (no helmet)
rElec   .            (no cloak)
rCorr   .            (no gloves)
SInv    .            (no boots)
Will    .....        (no amulet)
Stlth   +            (no ring)
HPRegen 0.24/turn    (no ring)
MPRegen 0.08/turn

%: no passive effects
@: no status effects
A: demonic guardian 1
a: Renounce Religion


You were on level 2 of the Dungeon.
You worshipped Xom.
You were a favourite toy of Xom.
You visited 1 branch of the dungeon, and saw 2 of its levels.

You collected 43 gold pieces.

Inventory:

Hand Weapons
 a - a +0 falchion of chaos (weapon)
Armour
 b - a +2 leather armour (worn)
Scrolls
 c - a scroll of butterflies
 d - 2 scrolls of teleportation {unknown}
 e - a scroll of fog {unknown}
 f - a scroll of enchant weapon {unknown}
Potions
 g - a potion of resistance {unknown}


   Skills:
 + Level 3.4 Fighting
 + Level 3.2 Long Blades
 + Level 2.0 Armour
 + Level 1.1 Dodging


You had one spell level left.
You didn't know any spells.
Your spell library was empty.

Dungeon Overview and Level Annotations

Branches:
Dungeon (2/15)

Altars:


Innate Abilities, Weirdness & Mutations

A weak demonic guardian rushes to your aid.


Message History

You barely miss the quokka.
The quokka bites you but does no damage.
The quokka closely misses you.
You hit the quokka.
The quokka seems to speed up.
The quokka is almost dead.
The quokka misses you.
The quokka bites you but does no damage.
The rat closely misses you.
You miss the quokka.
The quokka is almost dead.
The quokka completely misses you.
The quokka bites you but does no damage.
The rat closely misses you.
You hit the quokka.
You kill the quokka!
You hear Xom's avuncular chuckle.
The rat changes into a shapeshifter!
The shapeshifter changes into a black bear!
You barely miss the black bear. The endoplasm freezes you.
You are frozen.
A demonic guardian appears!
The black bear closely misses you. The black bear claws you.
The black bear claws you but does no damage.
You barely miss the black bear.
The endoplasm hits you but does no damage.
The black bear bites you. The black bear claws you.
The black bear claws you but does no damage.
Your iron imp misses the black bear.
The endoplasm hits you.
* * * LOW HITPOINT WARNING * * *
You are too injured to fight recklessly!
You are too injured to fight recklessly!
You are too injured to fight recklessly!
Unknown command.
You are too injured to fight recklessly!
The black bear attacks as it pursues you!
The black bear bites you.
* * * LOW HITPOINT WARNING * * *
The black bear claws you.
You die...
Xom snickers!

#
#...#######
.......h@.##
.......J.#<+
~....5...###
.~.......#
.~..~~...~
~..~..~..~~
~.⌠~..~..~~
..~⌠.~...~~#


You could see a black bear shaped shifter (ally target), an endoplasm and a
friendly iron imp (summoned).

Vanquished Creatures
  A dart slug (D:1)
  3 bats (D:1)
  4 endoplasms (D:1)
  4 hobgoblins (D:1)
  A quokka (D:2)
  A ball python (D:1)
  2 frilled lizards (D:1)
  4 kobolds (D:1)
  A rat (D:1)
21 creatures vanquished.

Notes
Turn   | Place    | Note
-------+----------+-------------------------------------------
     0 | D:1      | Xavori the Demonspawn Chaos Knight began the quest for the
                  | Orb.
     0 | D:1      | Reached XP level 1. HP: 18/18 MP: 1/1
   131 | D:1      | Gained mutation: A weak demonic guardian rushes to your
                  | aid. [demonic ancestry]
   131 | D:1      | Reached XP level 2. HP: 19/24 MP: 2/2
   165 | D:1      | Reached skill level 1 in Dodging
  1119 | D:1      | XOM: silly message
  1533 | D:1      | XOM: cloud trail
  2021 | D:1      | XOM: silly message
  2362 | D:1      | XOM: noise
  2798 | D:1      | XOM: silly message
  2818 | D:1      | XOM is BORED!
  2818 | D:1      | XOM: summons 1 hostile demon
  2893 | D:2      | a rat changed into a shapeshifter
  2893 | D:2      | Noticed a shapeshifter (shapeshifter)
  2893 | D:2      | XOM: polymorph rat -> shapeshifter
  2893 | D:2      | a shapeshifter changed into a black bear
  2893 | D:2      | Noticed a black bear (shapeshifter)
  2896 | D:2      | Slain by a black bear (shapeshifter)

Illustrated notes

Levels and vault maps discovered:
D:1:      ldierk_walled_garden, layout_basic
D:2:      cheibrodos_helix_gallery, layout_basic, serial_shops,
          nicolae_shop_peninsula, shapermc_ecumenical_altar_totnotflames,
          grunt_ministairs_9

Skill      XL: |  1  2 |
---------------+-------+-----
Armour         | 2 |  2.0
Dodging        | 1 |  1.1
Long Blades    | 3 |  3.2
Fighting       | |  3.4

Action                     || total
---------------------------++-------
  Melee: Falchion          ||    58
 Armour: Leather armour    ||    37
  Dodge: Dodged            ||    58

Table legend: (Time is in decaauts)
 A = Elapsed time spent in this place.
 B = Non-inter-level travel time spent in this place.
 C = Inter-level travel time spent in this place.
 D = Time resting spent in this place.
 E = Time spent auto-exploring this place.
 F = Levels seen in this place.
 G = Mean time per level.
                   A        B        C        D        E       F      G
               +--------+--------+--------+--------+--------+-----+--------+
         Total |   2908 |   2889 |     19 |   2336 |    436 |   2 | 1454.0 |
       Dungeon |   2908 |   2889 |     19 |   2336 |    436 |   2 | 1454.0 |
               +--------+--------+--------+--------+--------+-----+--------+

Top non-repeatable levels by time:
     D:1: 2829 daAuts
     D:2: 79 daAuts
